 Dungeon Crawl Stone Soup version 0.28-a0-429-g1448048969 (webtiles) character file.

Game seed: 12112227469671825382

43 omnomnOMINOUS the Digger (level 3, -5/24 HPs)
             Began as an Octopode Wanderer on Sept 12, 2021.
             Was a Follower of Wu Jian.
             Slain by a gnoll (8 damage)
             ... on level 4 of the Dungeon.
             The game lasted 00:04:31 (1587 turns).

omnomnOMINOUS the Digger (Octopode Wanderer)        Turns: 1587, Time: 00:04:32

Health: -5/24      AC:  1    Str:  9    XL:     3   Next: 58%
Magic:  5/5        EV: 13    Int: 17    God:    Wu Jian [*.....]
Gold:   34         SH:  0    Dex: 11    Spells: 4/5 levels left

rFire   . . .      SeeInvis .   a - +0 mace
rCold   . . .      Faith    .   (no shield)
rNeg    . . .      Spirit   .   (helmet restricted)
rPois   .          Reflect  .   (no amulet)
rElec   .          Harm     .   (no ring)
rCorr   .          Rampage  .   (no ring)
Will    .....                   (no ring)
Stlth   +++.......              (no ring)
HPRegen 0.08/turn               (no ring)
MPRegen 0.09/turn               (no ring)
                                (no ring)
                                (no ring)

@: no status effects
A: almost no armour, amphibious, 8 rings, camouflage 1, gelatinous body 1,
(nimble swimmer 1), tentacles
a: Renounce Religion


You were on level 4 of the Dungeon.
You worshipped Wu Jian.
Wu Jian was aware of your devotion.
You visited 1 branch of the dungeon, and saw 3 of its levels.

You collected 34 gold pieces.

Inventory:

Hand Weapons
 a - a +0 mace (weapon)
 b - a +0 dagger
Armour
 d - a +1 kite shield
Scrolls
 c - a scroll of noise {unknown}
 e - a scroll of enchant armour
 h - a scroll of teleportation {unknown}
Potions
 f - a potion of brilliance {unknown}
 i - a potion of degeneration {unknown}


   Skills:
 + Level 1.7 Fighting
 - Level 2.0 Maces & Flails
 + Level 1.6 Dodging
 - Level 2.6 Stealth
 + Level 1.2 Shields
 + Level 1.5 Spellcasting
 - Level 1.0 Ice Magic
 - Level 3.0 Earth Magic


You had 4 spell levels left.
You knew the following spells:

 Your Spells              Type           Power      Damage    Failure   Level
a - Freeze                Ice            16%        1d4       14%         1

Your spell library contained the following spells:

 Spells                   Type           Power      Damage    Failure   Level
 Poisonous Vapours        Pois/Air       2%         N/A       30%         2
 Static Discharge         Conj/Air       1%         N/A       30%         2
 Frozen Ramparts          Ice            8%         1d2       38%         3
 Ozocubu's Armour         Ice            4%         N/A       38%         3
 Hailstorm                Conj/Ice       3%         3d3       86%         4


Dungeon Overview and Level Annotations

Branches:
Dungeon (2/15)

Altars:
Kikubaaqudgha
Trog
Wu Jian

Shops:
D:1 !

Annotations:
D:4 Blork the orc


Innate Abilities, Weirdness & Mutations

You cannot wear most types of armour.
You are amphibious.
You can wear up to eight rings at the same time.
Your skin changes colour to match your surroundings (Stealth+).
Your rubbery body absorbs attacks. (AC +1, EV +1)
((You are camouflaged near water. (Stealth+)))
You have tentacles for arms and can constrict up to eight enemies at once.


Message History

You hit the ufetubus. Your grab misses the ufetubus. You squeeze the ufetubus.
The ufetubus is almost dead.
The ufetubus hits you. The ufetubus completely misses you.
You hit the ufetubus.
You kill the ufetubus!
The Council accepts your kill. The ball python bites you.
The ball python closely misses you.
You hit the ball python. Your grab misses the ball python.
The ball python is severely wounded.
The endoplasm hits you. The ball python closely misses you.
The ball python misses you. The endoplasm closely misses you.
The ball python barely misses you. The ball python grabs you.
The ball python constricts you.
You completely miss the ball python. You grab the ball python.
You squeeze the ball python.
You kill the ball python!
The Council accepts your kill. The endoplasm closely misses you.
A gnoll comes into view. It is wielding a +0 club.
A gnoll comes into view. It is wielding a +0 whip.
The gnoll hits you with a +0 club.
* * * LOW HITPOINT WARNING * * *
Unknown command.
Found a scroll labelled DORED ESTEDUEVEO.
The gnoll barely misses you.
As you read the scroll labelled WOCZOI TEGI, it crumbles to dust.
It is a scroll of enchant armour.
Your +0 kite shield glows green for a moment.
The gnoll shouts!
The gnoll hits you with a +0 club.
* * * LOW HITPOINT WARNING * * *
The gnoll barely misses you.
Unknown command.
Found a kite shield.
Blork the orc comes into view.
He is wielding a +0 war axe.
The endoplasm jiggles.
As you read the scroll labelled TATIOR AMETU, it crumbles to dust.
You speak a Word of immense power!
It was a scroll of holy word.
The gnoll hits you from afar with a +0 spear!
You die...

..o........ ..........
..# .......... ....
......... ....
......... ##...
##.....# .....##...[.#
# #....@# .##.##.#..g##
.......#..g.# #..
...#.......gJ.#.... #
..##.#.##..........
####.5##..........#...#
..#..###...##g........#
......##..##....#......
.........?....###......


You could see Blork the orc (asleep), 4 gnolls and an endoplasm.

Vanquished Creatures
  An ufetubus (D:4)
  A dart slug (D:1)
  3 endoplasms (D:1)
  2 giant cockroaches (D:1)
  4 goblins (D:1)
  3 hobgoblins (D:1)
  8 ball pythons
  A bat (D:1)
  2 frilled lizards (D:1)
  5 kobolds (D:1)
  5 rats (D:1)
  A spectral hobgoblin (D:1)
36 creatures vanquished.

Notes
Turn   | Place    | Note
-------+----------+-------------------------------------------
     0 | D:1      | omnomnOMINOUS the Octopode Wanderer began the quest for the
                  | Orb.
     0 | D:1      | omnomnOMINOUS set off with the following items: a +0 mace,
                  | a +0 dagger; and the following spell memorised: Freeze; and
                  | the following spells available to memorise: Poisonous
                  | Vapours, Static Discharge, Frozen Ramparts, Ozocubu's
                  | Armour, Hailstorm
     0 | D:1      | Reached XP level 1. HP: 13/13 MP: 2/2
     1 | D:1      | You fall into a shaft and drop 1 floor!
     1 | D:2      | Found a bloodstained altar of Trog.
    34 | D:1      | Found Vitheutt's Distillery.
    44 | D:1      | Reached skill level 1 in Dodging
   312 | D:1      | Reached XP level 2. HP: 18/18 MP: 3/3
   922 | D:1      | Reached XP level 3. HP: 12/23 MP: 3/5
  1088 | D:1      | Reached skill level 1 in Shields
  1181 | D:1      | Found a faded altar of an unknown god.
  1239 | D:1      | Became a worshipper of the Wu Jian Council
  1239 | D:1      | Reached * piety under Wu Jian
  1525 | D:2      | You fall into a shaft and drop 2 floors!
  1542 | D:4      | Found an ancient bone altar of Kikubaaqudgha.
  1586 | D:4      | Noticed Blork the orc
  1587 | D:4      | Slain by a gnoll

Illustrated notes

Levels and vault maps discovered:
D:1:      co_arrival_square_in_a_square_in_a_square, layout_basic,
          dreamdust_ecumenical_altar_drowned_temple, serial_shops,
          nicolae_shop_statue_plus, chequers_garden
D:2:      layout_loops_ring, basic_altar, uniq_terence
D:4:      layout_cave_pools, nicolae_uskayaw_en_pointe,
          kiku_gazebo_garden_becter, minmay_unequal, uniq_blork_the_orc

Skill      XL: |  1  2  3 |
---------------+----------+-----
Dodging        | 1 |  1.6
Shields        | 1 |  1.2
Fighting       | |  1.7
Maces & Flails | |  2.0
Stealth        | |  2.6
Spellcasting   | |  1.5
Ice Magic      | |  1.0
Earth Magic    | |  3.0

Action                   || total
-------------------------++-------
Melee: Mace              ||    65
       Constrict         ||    15
       Tentacles         ||     9
 Cast: Freeze            ||     2
Invok: Lunge             ||     3
  Use: Potion            ||     1
       Scroll            ||     2
 Stab: Sleeping          ||     8
       Distracted        ||     1
Armor: Skin              ||     4
Dodge: Dodged            ||    60

Table legend: (Time is in decaauts)
 A = Elapsed time spent in this place.
 B = Non-inter-level travel time spent in this place.
 C = Inter-level travel time spent in this place.
 D = Time resting spent in this place.
 E = Time spent auto-exploring this place.
 F = Levels seen in this place.
 G = Mean time per level.
                   A        B        C        D        E       F      G
               +--------+--------+--------+--------+--------+-----+--------+
         Total |   1606 |   1575 |     31 |    586 |    631 |   3 |  535.3 |
       Dungeon |   1606 |   1575 |     31 |    586 |    631 |   3 |  535.3 |
               +--------+--------+--------+--------+--------+-----+--------+

Top non-repeatable levels by time:
     D:1: 1474 daAuts
     D:2: 68 daAuts
     D:4: 62 daAuts
